 Dungeon Crawl Stone Soup version 0.16.1-2-g95b8d4c (webtiles) character file.

298 Zapata the Cudgeler (level 6, -1/55 HPs)
             Began as a Kobold Berserker on Mar 25, 2015.
             Was a Believer of Trog.
             Slain by an adder (2 damage)
             ... on level 4 of the Dungeon.
             The game lasted 00:03:56 (3295 turns).

Zapata the Cudgeler (Kobold Berserker)              Turns: 3295, Time: 00:03:57

Health: -1/55      AC:  3    Str: 27    XL:     6   Next: 63%
Magic:  6/6        EV: 15    Int:  5    God:    Trog [**....]
Gold:   225        SH:  0    Dex: 17    Spells: 0 memorised, 5 levels left

rFire  . . .     SeeInvis .     a - +0 mace (curse)
rCold  + . .     Clarity  .     b - +0 animal skin
rNeg   . . .     SustAb   .     (no shield)
rPois  .         Gourm    .     (no helmet)
rElec  .         Spirit   .     r - +0 cloak
rCorr  .         Warding  .     (no gloves)
rMut   .         Stasis   .     (no boots)
MR     .....                    (no amulet)
Stlth  ..........               x - +6 ring of strength
                                m - ring of protection from cold

@: berserking (expiring), very quick, not resistant to hostile enchantments,
extremely unstealthy
A: carnivore 3
a: Burn Spellbooks, Berserk, Trog's Hand, Renounce Religion


You were on level 4 of the Dungeon.
You worshipped Trog.
Trog was pleased with you.
You were not hungry.

You visited 1 branch of the dungeon, and saw 4 of its levels.

You collected 225 gold pieces.

Inventory:

Hand weapons
 a - a cursed +0 mace (weapon)
Missiles
 e - 207 stones (quivered)
 p - 15 bolts of penetration
Armour
 b - a +0 animal skin (worn)
 r - a +0 cloak (worn)
Jewellery
 m - a ring of protection from cold (left hand)
 o - an uncursed ring of protection from cold
 x - a +6 ring of strength (right hand)
Magical devices
 v - a wand of confusion (0)
Scrolls
 f - a scroll of enchant armour {unknown}
 i - 4 scrolls of remove curse {unknown}
 l - a scroll of amnesia {unknown}
 n - a scroll of enchant weapon {unknown}
 q - 2 scrolls of identify {unknown}
 t - 2 scrolls of magic mapping {unknown}
Potions
 d - 3 potions of lignification {unknown}
 h - a potion of curing {unknown}
 j - a potion of invisibility {unknown}
 k - a potion of heal wounds {unknown}
 s - a potion of might {unknown}
 u - a potion of berserk rage {unknown}
 w - a potion of resistance {unknown}
Comestibles
 c - 4 meat rations
 g - a beef jerky


   Skills:
 - Level 3.2 Fighting
 + Level 6.9 Maces & Flails
 - Level 1.5 Armour
 - Level 2.4 Dodging


You had 5 spell levels left.
You didn't know any spells.

Dungeon Overview and Level Annotations

Branches:
Dungeon (4/15)
 Temple: D:4-7

Altars:
Nemelex Xobeh


Innate Abilities, Weirdness & Mutations

You are small and have problems with some larger weapons.
You are carnivorous and can eat meat at any time.


Message History

The crimson imp is heavily wounded.
The bat hits you but does no damage. The crimson imp closely misses you.
You hit the crimson imp!
You kill the crimson imp!
Trog accepts your kill. The bat misses you. The goblin hits you with a club.
* * * LOW HITPOINT WARNING * * *
Huge Dmg: -4%(-2hp) hp: 2%(1hp)
You hit the goblin!
You kill the goblin!
Trog accepts your kill. The bat closely misses you. The bat barely misses you.
You hit the adder.
The adder is heavily wounded.
The bat hits you but does no damage. The adder barely misses you.
You completely miss the adder.
The adder is heavily wounded.
The bat misses you. The adder bites you.
You die...

. . . ......# .. ......
.... .#..# ... ....# .
%..#...# #.# #####.#...#
#.# ...........# # #.#
..5..#[@.# ####[# #.#
........Sb######....#
#.#
#######.$....##.######.#
#..................#
#.#.####...........#
#.#.# ####........# #
#.# ######...# ... #...#
#.# #....


You could see an adder and a bat.

Vanquished Creatures
  Menkaure (D:4)
  A crimson imp (D:4)
  A worker ant (D:4)
  Ijyb (D:3)
  4 gnolls (D:2)
  2 adders (D:2)
  A giant mite (D:2)
  A worm (D:2)
  A giant gecko (D:3)
  4 giant cockroaches
  6 hobgoblins
  5 kobolds
  A quokka (D:2)
  A ball python (D:1)
  5 bats
  4 giant newts
  8 goblins
  7 rats
54 creatures vanquished.

Notes
Turn   | Place    | Note
--------------------------------------------------------------
     0 | D:1      | Zapata, the Kobold Berserker, began the quest for the Orb.
     0 | D:1      | Reached XP level 1. HP: 14/14 MP: 1/1
   230 | D:1      | Reached XP level 2. HP: 10/19 MP: 2/2
   699 | D:2      | Reached skill level 4 in Maces & Flails
   699 | D:2      | Reached XP level 3. HP: 15/23 MP: 3/3
  1138 | D:2      | Acquired Trog's second power
  1438 | D:2      | Reached XP level 4. HP: 13/28 MP: 4/4
  1857 | D:2      | Reached skill level 5 in Maces & Flails
  1867 | D:2      | Reached XP level 5. HP: 28/32 MP: 5/5
  2390 | D:3      | Found a sparkling altar of Nemelex Xobeh.
  2793 | D:3      | Noticed Ijyb
  2873 | D:3      | Killed Ijyb
  3280 | D:4      | Noticed Menkaure
  3287 | D:4      | Killed Menkaure
  3287 | D:4      | Reached skill level 6 in Maces & Flails
  3287 | D:4      | Reached XP level 6. HP: 5/37 MP: 6/6
  3291 | D:4      | HP: 1/55 [goblin/club (2)]
  3295 | D:4      | Slain by an adder

Action                   |  1- 3 |  4- 6 || total
-------------------------+-------+-------++-------
Melee: Mace              |    85 |   125 ||   210
Invok: Berserk           |     1 |     5 ||     6
 Stab: Sleeping          |     1 |       ||     1
       Distracted        |       |     1 ||     1
  Eat: Chunk             |     5 |    10 ||    15
